AoeStats
← MatzeAoE

MegaRandom

506259187Analyzed
1v1 RM · 20d ago on Sep 12, 2026· 33m 7s· 2 players
Game mode
Random Map
Map size
Tiny (2 player)
Population
200
Speed
Normal
Resources
Standard
Victory
Conquest
Starting age
Dark Age
Ending age
Imperial Age
RankedLock teamsTeams togetherTeam positionsShared explorationLock speedFull tech treeHidden civsTurbo modeCheats
Victory
Defeat
🇩🇪 Tupi · Germany
2147
+10
🇩🇰 Bohemians · Denmark
2005
-10
DK | Mauseren
7:17 Loom
9:12 Feudal Age
9:58 Double-Bit Axe
19:56 Castle Age
18:31 Fletching
20:50 Bodkin Arrow
20:42 Crossbowman
27:36 Bow Saw
29:34 Sanctity
29:58 Sanctity
29:53 Redemption
32:19 Atonement
MatzeAoE
8:06 Loom
10:50 Feudal Age
17:37 Castle Age
15:54 Horse Collar
16:02 Double-Bit Axe
19:23 Town Watch
Connection lost

Rejoining the realm…

Still unreachable

The connection could not be restored.

Session expired

The server has moved on; the page needs a fresh start.